 Dungeon Crawl Stone Soup version 0.31-a0-1172-g9944ec47dd (webtiles) character file.

Game seed: 2728511394555116158

28 backslashecho the Chiller (level 3, -5/21 HPs)
             Began as an Octopode Ice Elementalist on Dec 10, 2023.
             Slain by Jessica
             ... wielding a +2 dagger of venom
              (7 damage)
             ... on level 1 of the Dungeon.
             The game lasted 00:02:24 (660 turns).

backslashecho the Chiller (OpIE)                     Turns: 660, Time: 00:02:25

Health: -5/21      AC:  1    Str:  7    XL:     3   Next: 12%
Magic:  4/6        EV: 13    Int: 19    God:
Gold:   48         SH:  0    Dex: 12    Spells: 2/6 levels left

rFire   . . .        e - +3 dagger
rCold   . . .        (no shield)
rNeg    . . .        (helmet restricted)
rPois   .            (no amulet)
rElec   .            (no ring)
rCorr   .            (no ring)
SInv    .            (no ring)
Will    .....        (no ring)
Stlth   +++          (no ring)
HPRegen 0.23/turn    (no ring)
MPRegen 0.10/turn    (no ring)
                     (no ring)

%: no passive effects
@: lethally poisoned (-5 -> -13)
A: almost no armour, amphibious, 8 rings, camouflage 1, gelatinous body 1,
(nimble swimmer 1), tentacles
a: no special abilities


You were on level 1 of the Dungeon.
You visited 1 branch of the dungeon, and saw 2 of its levels.

You collected 48 gold pieces.

Inventory:

Hand Weapons
 e - a +3 dagger (weapon)
Scrolls
 b - a scroll of identify {unknown}
 c - a scroll of noise {unknown}
 d - 2 scrolls of fear {unknown}
Potions
 a - a potion of magic


   Skills:
 - Level 2.0 Dodging
 - Level 3.0 Stealth
 + Level 2.3 Spellcasting
 + Level 0.4 Conjurations
 * Level 4.5 Ice Magic


You had 2 spell levels left.
You knew the following spells:

 Your Spells              Type           Power      Damage    Failure   Level
a - Freeze                Ice            76%        1d8       2%          1
c - Frozen Ramparts       Ice            38%        1d6       8%          3

Your spell library contained the following spells:

 Spells                   Type           Power      Damage    Failure   Level
 Cigotuvi's Dreadful Rot  Necr/Pois/Air  4%         N/A       24%         2
 Ozocubu's Armour         Ice            19%        N/A       8%          3
 Mephitic Cloud           Conj/Pois/Air  2%         N/A       43%         3
 Tukima's Dance           Hex            2%         N/A       43%         3
 Summon Ice Beast         Ice/Summ       10%        N/A       54%         4
 Flame Wave               Conj/Fire      3%         2d5       83%         4
 Iskenderun's Mystic Bla  Conj/Tloc      3%         2d3       83%         4
 Dimensional Bullseye     Hex/Tloc       1%         N/A       85%         4
 Ignition                 Fire           1%         3d3       100%        8


Dungeon Overview and Level Annotations

Branches:
Dungeon (2/15)

Altars:

Annotations:
D:1 Jessica


Innate Abilities, Weirdness & Mutations

You cannot wear most types of armour.
You are amphibious.
You can wear up to eight rings at the same time.
Your skin changes colour to match your surroundings (Stealth+).
Your rubbery body absorbs attacks. (AC +1, EV +1)
((You are camouflaged when in or above water. (Stealth+)))
You have tentacles for arms and can constrict up to eight enemies at once.


Message History

There is a stone staircase leading down here.
You climb downwards.
Jessica shouts!
The hobgoblin shouts!
The adder hisses angrily.
The ball python hisses angrily.
A giant cockroach comes into view.
The endoplasm quivers.
Found a brown potion.
There is a stone staircase leading up here.
The endoplasm freezes you.
You are frozen.
Jessica hits you with a +2 dagger of venom!
You are lethally poisoned!
You climb upwards.
* * * LOW HITPOINT WARNING * * *
You feel very sick.
There is a stone staircase leading down here.
You take 16 damage, and have 5/21 hp.
MASSIVE DAMAGE!!
Casting: Freeze (safe; 2% risk of failure)
Confirm with . or Enter, or press ? or * to list all spells.
Okay, then.
It was a potion of heal wounds.
You feel much better.
You feel sick.
Jessica hits you with a +2 dagger of venom.
You are more poisoned.
The endoplasm freezes you.
You are frozen.
You regained 6 hp, and now have 11/21 hp.
Casting: Freeze (safe; 2% risk of failure)
Confirm with . or Enter, or press ? or * to list all spells.
Aiming: Freeze (safe; 2% risk of failure)
Press: ? - help, Shift-Dir - straight line, f - Jessica
Aim: Jessica, wielding a +2 dagger of venom and wearing a +0 robe You freeze Jessica.
Jessica is lightly wounded.
You feel very sick.
Jessica hits you with a +2 dagger of venom.
* * * LOW HITPOINT WARNING * * *
The endoplasm misses you.
You take 7 damage, and have 4/21 hp.
MASSIVE DAMAGE!!
You now have 5/6 mp.
Casting: Freeze (safe; 2% risk of failure)
Confirm with . or Enter, or press ? or * to list all spells.
Aiming: Freeze (safe; 2% risk of failure)
Press: ? - help, Shift-Dir - straight line, f/p - Jessica
Aim: Jessica, wielding a +2 dagger of venom and wearing a +0 robe (lightly wounded)
You freeze Jessica.
Jessica is moderately wounded.
* * * LOW HITPOINT WARNING * * *
You feel sick.
Jessica grins evilly.
Jessica hits you with a +2 dagger of venom!
You die...

................# ############
...##...........####..........#
...###.............†..........#
...###..........####....†.....#
....##).........# #..........#
##.............## #..........###
###.####......#### #.............
###.## #..÷....@.###.......#.##.#
.##..###........@##.........#..#.
.###...##......J.#........[#.##.#
.....#.##........#.#.......#.##.#
.###.[..#........#.##.......#..#.
.##................##......#.##.#
....###..#......#####............
..#.............#####........####
.................................
##..##..#.##..###.##.........####


You could see Jessica and an endoplasm.

Vanquished Creatures
  A ball python (D:1)
  An endoplasm (D:1)
  2 giant cockroaches (D:1)
  7 hobgoblins (D:1)
  2 jackals (D:1)
  5 bats (D:1)
  2 frilled lizards (D:1)
  2 kobolds (D:1)
  3 rats (D:1)
25 creatures vanquished.

Notes
Turn   | Place    | Note
-------+----------+-------------------------------------------
     0 | D:1      | backslashecho the Octopode Ice Elementalist began the quest
                  | for the Orb.
     0 | D:1      | Reached XP level 1. HP: 11/11 MP: 3/3
    61 | D:1      | Reached XP level 2. HP: 10/17 MP: 0/5
   302 | D:1      | Got the Grimoire of Pollution and Hyperthermia
   419 | D:1      | Reached XP level 3. HP: 17/21 MP: 2/6
   640 | D:1      | Learned a level 3 spell: Frozen Ramparts
   655 | D:2      | Noticed Jessica
   660 | D:1      | Slain by Jessica

Illustrated notes

Levels and vault maps discovered:
D:1:      lightli_arrival_lavapool, layout_rooms, minmay_small_reverse_x
D:2:      cheibrodos_greedy_goblins, layout_rooms, uniq_natasha,
          uniq_crazy_yiuf_cottage, uniq_jessica

Skill      XL: |  1 |
---------------+----+-----
Stealth        | 3 |  3.0
Dodging        | |  2.0
Spellcasting   | |  2.3
Conjurations   | |  0.4
Ice Magic      | |  4.5

Action                     || total
---------------------------++-------
  Melee: Unarmed           ||    26
         Tentacles         ||    11
         Constrict         ||    14
         Punch             ||     1
         Dagger            ||    29
   Cast: Freeze            ||    12
    Use: Potion            ||     1
   Stab: Sleeping          ||     1
 Armour: Skin              ||    24
  Dodge: Dodged            ||    50

Table legend: (Time is in decaauts)
 A = Elapsed time spent in this place.
 B = Non-inter-level travel time spent in this place.
 C = Inter-level travel time spent in this place.
 D = Time resting spent in this place.
 E = Time spent auto-exploring this place.
 F = Levels seen in this place.
 G = Mean time per level.
                   A        B        C        D        E       F      G
               +--------+--------+--------+--------+--------+-----+--------+
         Total |    660 |    611 |     49 |     55 |    394 |   2 |  330.0 |
       Dungeon |    660 |    611 |     49 |     55 |    394 |   2 |  330.0 |
               +--------+--------+--------+--------+--------+-----+--------+

Top non-repeatable levels by time:
     D:1: 655 daAuts
     D:2: 5 daAuts
